Map: At Eternity's Edge LE

Players

JasherD

  • Race: Terran Terran
  • League: Master
  • Spawn Location: 5:00

RipNHammer - Winner!

  • Race: Terran Terran
  • League: Master
  • Spawn Location: 11:00

VOD

Have the link to the VOD?

Description

Time

  • Played on: Sept. 6, 2026, 6:45 p.m.
  • Length: 6:47
Show
View Real Time Build Order
Export as new Build Order

JasherD Terran 

Build Orders:  

Get SALT Encoding   

  8  0:02  SCV  
  9  0:14  SCV  
  10  0:26  SCV  
  11  0:29  Supply Depot  
  11  0:38  SCV  
  12  0:50  SCV  
  12  0:55  Barracks  
  13  1:06  Refinery  
  13  1:07  SCV  
  14  1:24  Barracks  
  14  1:43  Barracks  
  14  1:48  Reaper  
  15  1:58  Refinery  
  15  2:03  SCV  
  16  2:12  Reaper  
  17  2:17  SCV  
  18  2:26  Reaper  
  19  2:40  Supply Depot  
  19  2:41  Reaper  
  20  2:47  Reaper  
  21  3:01  Reaper  
  21  3:02  SCV  
  23  3:15  Reaper  
  23  3:19  Orbital Command  
  22  3:42  Reaper  
  22  3:47  Factory  
  21  3:52  Reaper  
  21  3:53  SCV  
  23  4:06  SCV  
  24  4:17  Barracks Reactor  
  24  4:18  SCV  
  25  4:24  Supply Depot  
  25  4:30  SCV  
  23  4:48  Hellion  
  23  4:49  SCV  
  23  4:50  Starport  
  27  4:56  Marine x2  
  28  5:04  SCV  
  28  5:05  Command Center  
  28  5:09  Factory Tech Lab  
  28  5:14  Marine x2  
  29  5:16  SCV  
  30  5:28  SCV  
  31  5:31  Siege Tank  
  34  5:45  Barracks Tech Lab  
  33  5:50  SCV  
  33  5:52  Viking  
  36  5:57  Viking, Supply Depot  
  36  5:58  Barracks Reactor  
  38  6:05  SCV  
  38  6:08  Siege Tank  
  38  6:10  Marine  
  43  6:13  Marine  
Show
View Real Time Build Order
Export as new Build Order

RipNHammer Terran - Winner!

Build Orders:  

Get SALT Encoding   

  8  0:00  SCV  
  9  0:14  SCV  
  10  0:26  SCV  
  11  0:38  SCV  
  11  0:40  Supply Depot  
  12  0:50  SCV  
  13  1:02  SCV, Barracks  
  14  1:06  Refinery  
  14  1:14  SCV  
  14  1:17  Refinery  
  15  1:26  SCV  
  16  1:38  SCV  
  17  1:49  Reaper  
  17  1:50  Orbital Command  
  18  2:06  Factory  
  18  2:17  SCV  
  19  2:23  Reaper  
  19  2:28  Supply Depot  
  19  2:29  SCV  
  20  2:42  SCV  
  21  2:50  Hellion  
  23  2:55  Command Center  
  23  3:02  SCV  
  24  3:13  Hellion  
  24  3:19  Starport, SCV  
  27  3:24  Supply Depot  
  27  3:32  SCV  
  25  3:43  Hellion  
  25  3:44  SCV  
  25  3:46  Marine  
  29  3:56  SCV  
  30  4:03  Marine  
  30  4:06  Hellion  
  30  4:08  Orbital Command  
  30  4:09  Starport Tech Lab  
  33  4:11  SCV  
  34  4:23  Barracks Reactor  
  34  4:24  SCV  
  35  4:35  Banshee  
  35  4:36  SCV  
  35  4:48  SCV  
  35  4:50  Orbital Command  
  36  4:56  Cloaking Field  
  36  5:02  Marine x2  
  36  5:03  Factory Tech Lab  
  36  5:05  SCV  
  39  5:07  Refinery  
  39  5:08  Refinery  
  39  5:17  SCV  
  39  5:20  Banshee  
  43  5:26  Siege Tank, SCV  
  47  5:30  SCV  
  48  5:37  Supply Depot  
  48  5:38  SCV  
  49  5:50  Marine  
  50  5:58  Marine, SCV, Supply Depot  
  50  6:01  SCV  
  50  6:02  Supply Depot  
  53  6:05  Command Center  
  53  6:09  Factory  
  53  6:10  Siege Tank  
Tags
 
Matchup
TvT
Race
Terran
Replay Pack
RipNHammer
Spawn Locations
Cross Positions
Add a new tag
Caveats
  • Supply blocks, unpowered buildings, or Contaminate may cause inaccurate times.
  • Supply counts are checked every 10 seconds.